 Dungeon Crawl Stone Soup version 0.26-a0-28-gc929df5 (webtiles) character file.

Game seed: 8348414963885601919, levelgen mode: deterministic

112 vertexvortex the Chiller (level 4, 0/35 HPs)
             Began as a Draconian Ice Elementalist on May 27, 2020.
             Was an Initiate of Vehumet.
             Succumbed to a kobold's poison
             ... on level 3 of the Dungeon.
             The game lasted 00:09:25 (2216 turns).

vertexvortex the Chiller (DrIE)                     Turns: 2216, Time: 00:09:25

Health: 0/35       AC:  5    Str: 10    XL:     4   Next: 64%
Magic:  9/9        EV: 12    Int: 17    God:    Vehumet [......]
Gold:   92         SH:  0    Dex: 11    Spells: 5/9 levels left

rFire    . . .     SeeInvis +   h - +1 dagger (speed)
rCold    . . .     Gourm    .   (no shield)
rNeg     . . .     Faith    .   (armour unavailable)
rPois    .         Spirit   .   (helmet restricted)
rElec    .         Reflect  .   (no cloak)
rCorr    .         Harm     .   (no gloves)
MR       .....                  (no boots)
Stlth    ++........             a - amulet of magic regeneration
HPRegen  0.11/turn              g - ring of see invisible
MPRegen  0.36/turn              (no ring)

@: lethally poisoned (0 -> -7)
A: unfitting armour, cold-blooded, AC +5
a: Renounce Religion


You were on level 3 of the Dungeon.
You worshipped Vehumet.
Vehumet was noncommittal.
You were not hungry.

You visited 1 branch of the dungeon, and saw 3 of its levels.

You collected 92 gold pieces.

Inventory:

Hand Weapons
 c - a +0 dagger
 h - a +1 dagger of speed (weapon)
Missiles
 e - 6 poisoned darts
 j - 4 boomerangs (quivered)
Jewellery
 a - an amulet of magic regeneration (around neck)
 g - a ring of see invisible (left hand)
 i - a cursed amulet of the acrobat
Scrolls
 f - 5 scrolls of identify
Comestibles
 b - a ration
 k - 2 chunks of flesh


   Skills:
 - Level 1.0 Fighting
 + Level 0.1 Short Blades
 - Level 1.7 Dodging
 - Level 1.7 Stealth
 + Level 3.4 Spellcasting
 + Level 5.0 Ice Magic


You had 5 spell levels left.
You knew the following spells:

 Your Spells              Type           Power        Failure   Level  Hunger
a - Freeze                Ice            ###.         2%          1    None
b - Frozen Ramparts       Ice            ###...       6%          3    ###....

Your spell library contained the following spells:

 Spells                   Type           Power        Failure   Level  Hunger
 Ozocubu's Armour         Chrm/Ice       ##......     19%         3    ###....
 Hailstorm                Conj/Ice       ##......     52%         4    ####...
 Summon Ice Beast         Ice/Summ       ##......     52%         4    ####...


Dungeon Overview and Level Annotations

Branches:
Dungeon (3/15)

Altars:
Makhleb
Sif Muna
Vehumet


Innate Abilities, Weirdness & Mutations

Your plain brown scales are hard. (AC +5)
You cannot fit into any form of body armour.
You are cold-blooded and may be slowed by cold attacks.


Message History

As you read the scroll labeled QEZEOTAQUTH, it crumbles to dust.
It was a scroll of blinking.
* * * LOW HITPOINT WARNING * * *
You feel sick.
Throwing (i - inventory. (/) - cycle)
j - 4 boomerangs (quivered)
Press: ? - help, Shift-Dir - straight line, f - kobold
Aim: a kobold, quivering a poisoned dart You throw a boomerang.
The boomerang hits the kobold.
You kill the kobold!
Vehumet accepts your kill.
The frozen ramparts melt away.
* * * LOW HITPOINT WARNING * * *
You feel sick.
* * * LOW HITPOINT WARNING * * *
You feel sick.
* * * LOW HITPOINT WARNING * * *
You feel sick.
* * * LOW HITPOINT WARNING * * *
You feel sick.
You die...

#..........
#.......K..
##.........
#(.....##.
#(####.#
#)# .#
###(# #
##...#
#@.### #.##
#..# ...##
#... #...#
....# .....
#.#g#


There were no monsters in sight!

Vanquished Creatures
  An orc priest (D:3)
  An iguana (D:3)
  An adder (D:2)
  A worm (D:2)
  A dart slug (D:1)
  A leopard gecko (D:3)
  4 orcs (D:3)
  3 giant cockroaches
  7 goblins
  2 hobgoblins (D:1)
  7 kobolds
  A quokka (D:2)
  6 bats
  2 frilled lizards (D:2)
  3 rats
41 creatures vanquished.

Notes
Turn   | Place    | Note
-------+----------+-------------------------------------------
     0 | D:1      | vertexvortex the Draconian Ice Elementalist began the quest
                  | for the Orb.
     0 | D:1      | Reached XP level 1. HP: 14/14 MP: 3/3
   397 | D:1      | Reached XP level 2. HP: 16/22 MP: 0/5
   871 | D:2      | Reached skill level 1 in Fighting
  1087 | D:2      | Reached XP level 3. HP: 28/28 MP: 6/6
  1092 | D:2      | Learned a level 3 spell: Frozen Ramparts
  1137 | D:3      | Reached XP level 4. HP: 11/35 MP: 3/8
  1415 | D:2      | Found a shimmering blue altar of Sif Muna.
  1606 | D:2      | Found a burning altar of Makhleb.
  1606 | D:2      | Found a radiant altar of Vehumet.
  1613 | D:2      | Became a worshipper of Vehumet
  2171 | D:3      | Reached skill level 5 in Ice Magic
  2215 | D:3      | HP: 1/35 [poisoned by a kobold]
  2216 | D:3      | Succumbed to a kobold's poison

Illustrated notes

Levels and vault maps discovered:
D:1:      matt_arrival_spirals, layout_loops_ring
D:2:      layout_basic, amethyst_overflow_temple_binary, lemuel_doored_altar
D:3:      layout_rooms, uniq_grinder, uniq_jessica

Skill      XL: |  1  2  3  4 |
---------------+-------------+-----
Fighting       | 1 |  1.0
Spellcasting   | 3 |  3.4
Ice Magic      | 5 |  5.0
Short Blades   | |  0.1
Dodging        | |  1.7
Stealth        | |  1.7

Action                   |  1- 3 |  4- 6 || total
-------------------------+-------+-------++-------
Melee: Unarmed           |     9 |       ||     9
       Dagger            |    10 |     6 ||    16
       Tailslap          |     2 |     2 ||     4
Throw: Boomerang         |       |     1 ||     1
 Cast: Freeze            |    36 |    12 ||    48
       Frozen Ramparts   |     2 |     2 ||     4
  Use: Scroll            |     4 |     2 ||     6
       Potion            |     1 |     1 ||     2
 Stab: Sleeping          |       |     1 ||     1
  Eat: Chunk             |     1 |     4 ||     5
Armor: Skin              |    18 |     3 ||    21
Dodge: Dodged            |    26 |     9 ||    35

Table legend:
 A = Non-vault XP
 B = Vault XP
 C = Vault XP percentage of total XP
 D = Non-vault monster count
 E = Vault monster count
 F = Vault count percentage of total count
                 A         B        C        D         E       F
            +---------+---------+-------+---------+---------+-------
      Total |     161 |       0 |   0.0 |      41 |       0 |   0.0
            +---------+---------+-------+---------+---------+-------
        D:1 |      25 |       0 |   0.0 |      13 |       0 |   0.0
        D:2 |      40 |       0 |   0.0 |      18 |       0 |   0.0
        D:3 |      96 |       0 |   0.0 |      10 |       0 |   0.0
            +---------+---------+-------+---------+---------+-------
